AoeStats
← Mr. Penis

Arena

507054655Analyzed
4v4 RM · 15d ago on Sep 16, 2026· 41m 10s· 8 players
Game mode
Random Map
Map size
Large (8 player)
Population
200
Speed
Normal
Resources
Standard
Victory
Conquest
Starting age
Dark Age
Ending age
Imperial Age
RankedLock teamsTeams togetherTeam positionsShared explorationLock speedFull tech treeHidden civsTurbo modeCheats
Victory
Defeat
🇩🇪 Japanese · Germany
1318
+16
🇷🇺 Jurchens · Russia
1303
+16
🇹🇷 Cumans · Türkiye
1282
+17
🇪🇸 Celts · Spain
1252
+18
🇨🇳 Portuguese · China
1361
-19
1351
-19
🇦🇺 Armenians · Australia
1271
-15
🇦🇺 Celts · Australia
1248
-14
Shail
10:48 Feudal Age
11:20 Double-Bit Axe
11:57 Horse Collar
14:37 Loom
18:05 Castle Age
17:25 Forging
17:15 Scale Mail Armor
17:08 Fletching
17:57 Horse Collar
18:32 Gold Mining
19:17 Bow Saw
19:47 Iron Casting
19:27 Chain Mail Armor
30:36 Gold Shaft Mining
32:31 Ballistics
32:23 Masonry
32:36 Ballistics
38:54 Wheelbarrow
38:36 Stronghold
42:01 Imperial Age
Krabbel
10:46 Feudal Age
14:32 Castle Age
12:25 Double-Bit Axe
15:25 Bow Saw
18:33 Gold Mining
20:26 Scale Mail Armor
31:36 Imperial Age
30:46 Fletching
31:36 Yasama
32:23 Bodkin Arrow
32:46 Guard Tower
33:31 Stone Mining
35:01 Keep
34:53 Treadmill Crane
36:16 Bracer
38:13 Ballistics
38:29 Masonry
39:22 Fortified Wall
42:48 Chemistry
C42
9:18 Feudal Age
9:52 Double-Bit Axe
9:48 Horse Collar
20:18 Castle Age
21:56 Bow Saw
22:57 Heavy Plow
24:01 Bloodlines
27:46 Wheelbarrow
27:21 Gold Mining
31:10 Imperial Age
29:04 Stone Mining
30:21 Scale Barding Armor
30:26 Forging
31:08 Gold Shaft Mining
30:55 Hand Cart
30:27 Loom
30:30 Town Watch
32:35 Iron Casting
32:20 Chain Barding Armor
33:03 Two-Man Saw
32:34 Crop Rotation
33:10 Crop Rotation
32:36 Elite Steppe Lancer
33:50 Ballistics
33:41 Masonry
34:27 Steppe Husbandry
34:52 Town Patrol
35:22 Conscription
36:03 Plate Barding Armor
36:28 Blast Furnace
36:36 Blast Furnace
37:03 Chemistry
35:59 Murder Holes
38:32 Cavalier
39:40 Paladin
Mr. Penis
11:31 Feudal Age
13:53 Horse Collar
14:04 Double-Bit Axe
16:39 Castle Age
15:55 Gold Mining
19:58 Fervor
22:33 Sanctity
24:50 Wheelbarrow
24:00 Town Watch
24:00 Loom
26:51 Heavy Plow
30:24 Gold Shaft Mining
29:39 Stone Mining
29:45 Stone Mining
30:32 Siege Engineers
35:53 Imperial Age
34:17 Bow Saw
35:23 Scale Barding Armor
35:29 Forging
36:16 Bloodlines
36:11 Fortified Bastions
36:28 Husbandry
37:01 Conscription
36:23 Elite Steppe Lancer
37:26 Chain Barding Armor
37:42 Iron Casting
38:04 Guilds
39:06 Plate Barding Armor
Apple
10:44 Feudal Age
15:17 Castle Age
17:06 Gambesons
18:59 Man-at-Arms
23:56 Pikeman
24:24 Horse Collar
24:32 Double-Bit Axe
25:55 Loom
30:58 Bow Saw
30:52 Heavy Plow
31:29 Wheelbarrow
36:34 Imperial Age
38:23 Fletching
38:34 Padded Archer Armor
38:56 Ballistics
39:37 Chemistry
Banana
10:27 Feudal Age
14:04 Castle Age
12:21 Double-Bit Axe
12:22 Horse Collar
14:04 Gold Mining
15:28 Bow Saw
27:36 Wheelbarrow
29:35 Hand Cart
34:27 Imperial Age
32:47 Pikeman
33:28 Scale Mail Armor
33:38 Forging
35:07 Chain Mail Armor
35:27 Iron Casting
35:09 Man-at-Arms
35:15 Capped Ram
36:27 Plate Mail Armor
lag dog dont play game
8:54 Feudal Age
13:56 Castle Age
12:50 Double-Bit Axe
16:08 Horse Collar
17:51 Loom
21:48 Bow Saw
23:18 Heavy Plow
24:45 Wheelbarrow
29:02 Imperial Age
26:44 Fletching
27:17 Ballistics
26:55 Town Watch
27:32 Bodkin Arrow
27:37 Padded Archer Armor
27:18 Crossbowman
28:46 Thumb Ring
29:07 Leather Archer Armor
29:18 Hand Cart
29:51 Bracer
29:28 Arbalester
31:32 Chemistry
32:27 Ring Archer Armor
33:32 Conscription
33:20 Town Patrol
36:56 Siege Engineers
37:56 Gold Mining
鹏程
10:10 Feudal Age
14:34 Castle Age
12:30 Double-Bit Axe
12:50 Stone Mining
13:28 Horse Collar
20:50 Bow Saw
26:11 Loom
27:57 Fletching
Connection lost

Rejoining the realm…

Still unreachable

The connection could not be restored.

Session expired

The server has moved on; the page needs a fresh start.